prihack, chaotic female elven Priestess ------ ---------- |....| |........| |....| |........-# ##.[...| |........|# # |....|############.........|# ### |....|# |........|# # -.----# ------)---# ### ###### ## # # # # # e ### ### ####### # r # # -+---- # r # ---.- |<...| # @ # |....######### |....| #------@ # |...| # |....| #.....|# # |...| ##-.....# |....|# # |...| ------#######.....-r # ----- ------ prihack the Acolyte Experience level: 5 Strength: 14 Dexterity: 8 Constitution: 16 Intelligence: 10 Wisdom: 16 Charisma: 11 Health: 0(41) Energy: 55(55) AC: 3 Gold: 654 Moves: 2609 Your Inventory: Coins $ - 654 gold pieces Weapons a - a blessed +1 mace q - an uncursed [+0] crude dagger [orcish] s - 3 uncursed [+0] darts (in quiver) I - an uncursed [+0] dagger N - an uncursed [+0] crude dagger of fire [orcish] (weapon in hand) Armor b - an uncursed +0 robe (being worn) c - an uncursed +0 small shield (being worn) z - a cursed [+0] hooded cloak [dwarvish] G - a cursed [-2] pair of elven boots J - an uncursed [+1] hooded cloak [dwarvish] K - a blessed +2 pair of hard shoes [iron] (being worn) Comestibles e - an uncursed clove of garlic f - an uncursed sprig of wolfsbane v - an uncursed carrot y - an uncursed [stale] egg B - an uncursed tripe ration H - 2 uncursed food rations Scrolls n - an uncursed scroll of teleportation p - an uncursed scroll labeled KIRJE [of enchant weapon] t - an uncursed scroll labeled NR 9 [of light] Spellbooks g - an uncursed spellbook of cure sickness h - an uncursed spellbook of detect food D - an uncursed velvet spellbook [of slow monster] Potions d - 4 potions of holy water j - an uncursed smoky potion [of extra healing] u - 2 uncursed potions of water x - an uncursed black potion [of see invisible] F - an uncursed orange potion [of object detection] Rings l - a cursed [-2] opal ring [of gain strength] o - an uncursed [+2] wire ring [of gain constitution] w - a cursed [+0] iron ring [of gain intelligence] Wands r - an uncursed curved wand [of cold (0:4)] Tools i - an uncursed wooden harp A - an uncursed [+0] pick-axe E - an uncursed [tallow] candle L - an uncursed [+0] iron hook [grappling hook] Gems k - an uncursed yellow gem [chrysoberyl] m - an uncursed blue gem [worthless glass] M - an uncursed red gem [worthless glass] Spells known in the end: Name Level Category Fail Memory a - cure sickness 3 healing 92% [|||||||.] b - detect food 2 divination 56% [|||||||.] Your skills at the end: Fighting Skills Weapon Skills mace [Basic] Spellcasting Skills clerical spells [Basic] Final Attributes: You were piously aligned. Hunger level was 368. Your alignment was 22 / 23. Monster difficulty range was 1 - 6. Level difficulty was 7. You were immune to sleep. You saw invisible. You had infravision. Your luck was zero. You are dead. Vanquished creatures: a water nymph a gray ooze a little dog 2 kittens 2 dwarves a giant bat a dwarf zombie an iguana a gas spore a large kobold a hobgoblin a giant rat 2 yellow molds a red mold 4 garter snakes 2 geckos 5 jackals a fox 2 kobolds a goblin 6 sewer rats 3 grid bugs 4 lichens 2 kobold zombies 3 newts 50 creatures vanquished. Voluntary challenges: You were an atheist. You used a wielded weapon 52 times. You read items or engraved 10 times. You put on armor 3 times. You never genocided any monsters. You never polymorphed an object. You never changed form. You used no wishes. You wrote Elbereth's name 7 times. You never encountered a bones level. You never used any Sokoban shortcuts. Dungeon overview: The Dungeons of Doom: levels 1 to 7 Level 1 a long staircase Level 2 some fountains Level 3 some fountains stairs to The Gnomish Mines Level 4 some fountains Level 5 a bookstore Level 7 <- You were here The Gnomish Mines: Level 4 stairs to The Dungeons of Doom History has recorded: On T:1 you entered the Dungeons of Doom to retrieve the Amulet of Yendor! On T:193 you reached level 2 of The Dungeons of Doom. On T:263 you reached level 3 of The Dungeons of Doom. On T:396 you advanced to experience level 2. On T:793 you advanced to experience level 3. On T:886 you reached level 1 of The Gnomish Mines. On T:1011 you advanced to experience level 4. On T:1214 you reached level 4 of The Dungeons of Doom. On T:1469 you reached level 5 of The Dungeons of Doom. On T:1470 you advanced to experience level 5. On T:1560 you reached level 6 of The Dungeons of Doom. On T:2049 you reached level 7 of The Dungeons of Doom. Latest messages: The wererat hits! Your crude dagger of fire burns the wererat! The wererat hits! You miss the wererat. The wererat changes into a rat. The wererat bites! Your crude dagger of fire burns the wererat! The wererat summons help! The wererat bites! The wererat changes into a human. Your crude dagger of fire burns the wererat! The sewer rat bites! The wererat hits! You miss the wererat. The sewer rat bites! The wererat hits! You miss the wererat. The sewer rat misses. The wererat summons help! You feel hemmed in. The wererat hits! You die... Final status: Goodbye prihack the Priestess... You died in The Dungeons of Doom on dungeon level 7 with 1985 points, and 654 pieces of gold, after 2609 moves. You were level 5 with a maximum of 41 hit points when you died.